 Dungeon Crawl Stone Soup version 0.31-a0-538-gbc85326fa9 (webtiles) character file.

Game seed: 12980067042891578546

662 arthad the Covered (level 7, -1/56 HPs)
             Began as a Formicid Fighter on Aug 13, 2023.
             Was a Follower of Cheibriados.
             Succumbed to a gnoll's poison
             ... on level 6 of the Dungeon.
             The game lasted 00:05:43 (4218 turns).

arthad the Covered (Formicid Fighter)               Turns: 4218, Time: 00:05:44

Health: -1/56      AC: 10    Str: 22 (25) XL:     7   Next: 87%
Magic:  7/7        EV: 11    Int:  6 (9)  God:    Cheibriados [*.....]
Gold:   181        SH:  6    Dex: 18 (21) Spells: 6/6 levels left

rFire   . . .        a - +0 war axe
rCold   . . .        c - +0 buckler
rNeg    . . .        b - +0 scale mail
rPois   .            (helmet unavailable)
rElec   .            w - +0 cloak
rCorr   .            m - +0 pair of gloves
SInv    +            (no boots)
Will    .....        (no amulet) Stlth
                     u - +6 ring of dexterity
HPRegen 0.29/turn    A - ring of flight
MPRegen 0.10/turn

%: no passive effects
@: brilliant, lethally poisoned (-1 -> -17), flying, very slow
A: permanent stasis, dig shafts and tunnels, antennae 3, four strong arms
a: Dig, Shaft Self, Renounce Religion, Bend Time


You were on level 6 of the Dungeon.
You worshipped Cheibriados.
Cheibriados was aware of your devotion.
You visited 2 branches of the dungeon, and saw 7 of its levels.

You collected 181 gold pieces.

Inventory:

Hand Weapons
 a - a +0 war axe (weapon)
Missiles
 h - 23 poisoned darts
Armour
 b - a +0 scale mail (worn)
 c - a +0 buckler (worn)
 m - a +0 pair of gloves (worn)
 w - a +0 cloak (worn)
 x - a +0 leather armour of cold resistance
Jewellery
 u - a +6 ring of dexterity (left hand)
 A - a ring of flight (right hand)
Scrolls
 e - a scroll of immolation {unknown}
 g - 2 scrolls of blinking {unknown}
 k - 3 scrolls of identify {unknown}
 l - 2 scrolls of noise {unknown}
 n - a scroll of amnesia {unknown}
 r - a scroll of silence {unknown}
 s - a scroll of teleportation {unknown}
 t - a scroll of poison {unknown}
 y - a scroll of enchant armour {unknown}
 z - 2 scrolls of vulnerability {unknown}
Potions
 d - a potion of might
 i - a potion of brilliance
 j - a potion of heal wounds {unknown}
 p - a potion of attraction {unknown}
 q - a potion of mutation {unknown}
 v - a potion of invisibility {unknown}
 B - a potion of haste


   Skills:
 * Level 5.4 Fighting
 * Level 4.3 Axes
 * Level 5.5 Armour
 + Level 2.3 Dodging
 + Level 5.3 Shields


You had 6 spell levels left.
You didn't know any spells.
Your spell library contained the following spells:

 Spells                   Type           Power      Damage    Failure   Level
 Lesser Beckoning         Tloc           0%         N/A       92%         2
 Momentum Strike          Conj/Tloc      0%         3d8       92%         2
 Poisonous Vapours        Pois/Air       0%         N/A       92%         2
 Mephitic Cloud           Conj/Pois/Air  0%         N/A       99%         3
 Freezing Cloud           Conj/Ice/Air   0%         6-21      100%        5
 Blink                    Tloc           Unusable   N/A       N/A         2

Dungeon Overview and Level Annotations

Branches:
Dungeon (6/15)             Temple (1/1) D:4

Altars:
Ashenzari
Cheibriados
Dithmenos
Kikubaaqudgha
Okawaru
Qazlal
Ru
Trog
Vehumet
Wu Jian
Xom
Yredelemnul

Shops:
D:5 ?


Innate Abilities, Weirdness & Mutations

You cannot be hasted, slowed, berserked, paralysed or teleported.
You can dig through walls and to a lower floor.
You have a pair of large antennae on your head. (SInv)
Your four strong arms can wield two-handed weapons with a shield.


Message History

The gnoll closely misses you. The gnoll barely misses you.
You are too injured to fight recklessly!
You closely miss the iguana.
The iguana is severely wounded.
You slash the gnoll! You block the iguana's attack.
The gnoll barely misses you. x2
You barely miss the iguana.
The iguana is severely wounded.
You hit the gnoll. The iguana bites you.
The gnoll hits you but does no damage. x2
You are poisoned.
The iguana bites you. The gnoll hits you with a +0 flail.
* * * LOW HITPOINT WARNING * * *
The gnoll hits you from afar with a +1 spear of venom.
* * * LOW HITPOINT WARNING * * *
You feel better. You block the iguana's attack.
The gnoll hits you with a +0 flail.
* * * LOW HITPOINT WARNING * * *
The gnoll hits you from afar with a +1 spear of venom.
* * * LOW HITPOINT WARNING * * *
You are lethally poisoned!
You feel better. The iguana barely misses you. The gnoll barely misses you.
The gnoll misses you.
It was a potion of brilliance.
You feel clever all of a sudden. The iguana closely misses you.
The gnoll hits you but does no damage.
The gnoll hits you from afar with a +1 spear of venom.
* * * LOW HITPOINT WARNING * * *
You are poisoned.
It was a potion of haste.
Your stasis prevents you from being hasted.
You feel sick. The iguana bites you!
* * * LOW HITPOINT WARNING * * *
The gnoll barely misses you.
The gnoll hits you from afar with a +1 spear of venom.
* * * LOW HITPOINT WARNING * * *
You are more poisoned.
It was a potion of degeneration.
There was something very wrong with that liquid.
You feel weakened.
You feel dopey.
You feel clumsy.
You die...

#....#
#....######
#.........#####
#....##.......#
#....##.#######
#....#..#
######....##
##.(....####
........@)#
##......gl# ,
..........g.,
##..........# {
#......[.....
...........#...
##....?.......!.
.........##....


You could see an iguana and 2 gnolls.

Vanquished Creatures
  An ice beast (D:6)
  A centaur (D:5)
  A phantom (D:5)
  A jelly (D:5)
  An orc priest (D:5)
  An iguana (D:4)
  A sleepcap (D:5)
  5 orc wizards (D:5)
  2 gnolls (D:6)
  8 adders
  A worm (D:2)
  A dart slug (D:1)
  8 orcs (D:5)
  9 ball pythons
  5 bats
  7 endoplasms
  4 giant cockroaches
  8 goblins
  3 hobgoblins
  2 jackals (D:2)
  6 quokkas
  5 kobolds
  4 rats
85 creatures vanquished.

Notes
Turn   | Place    | Note
-------+----------+-------------------------------------------
     0 | D:1      | arthad the Formicid Fighter began the quest for the Orb.
     0 | D:1      | Reached XP level 1. HP: 18/18 MP: 1/1
   103 | D:1      | Reached XP level 2. HP: 20/24 MP: 2/2
   657 | D:1      | Reached XP level 3. HP: 25/29 MP: 3/3
   940 | D:2      | Found a stormy altar of Qazlal.
  1208 | D:2      | Reached XP level 4. HP: 37/37 MP: 4/4
  1675 | D:3      | Reached skill level 1 in Dodging
  1948 | D:3      | Found a faded altar of an unknown god.
  2054 | D:3      | Reached XP level 5. HP: 22/42 MP: 5/5
  2496 | D:4      | Found a staircase to the Ecumenical Temple.
  2509 | Temple   | Entered the Ecumenical Temple
  2536 | Temple   | Became a worshipper of Cheibriados the Contemplative
  3030 | D:5      | Entered Level 5 of the Dungeon
  3030 | D:5      | Noticed a centaur
  3079 | D:5      | Reached XP level 6. HP: 30/49 MP: 6/6
  3219 | D:5      | Reached skill level 5 in Armour
  3219 | D:5      | Reached skill level 5 in Shields
  3219 | D:5      | Reached XP level 7. HP: 39/55 MP: 7/7
  3271 | D:5      | Found Haabbyke's Magic Scroll Boutique.
  3504 | D:5      | Found a radiant altar of Vehumet.
  3576 | D:5      | Reached skill level 5 in Fighting
  3585 | D:5      | Reached * piety under Cheibriados
  4217 | D:6      | HP: 2/56 [gnoll/+1 spear of venom[a gnoll bouda] (3)]
  4218 | D:6      | Succumbed to a gnoll's poison

Illustrated notes

Levels and vault maps discovered:
D:1:      minmay_arrival_wavy_path, layout_basic
D:2:      layout_basic, basic_altar
D:3:      layout_basic, shapermc_ecumenical_altar_hornbeckon,
          minmay_shallow_snake_nest
D:4:      layout_rooms, minmay_temple_entry_glassed_door, minmay_strange_pillars
D:5:      layout_basic, nicolae_vehumet_radiance, serial_shops, shop
D:6:      layout_rooms
Temple:   grunt_temple_mini_profane

Skill      XL: |  1  2  3  4  5  6  7 |
---------------+----------------------+-----
Armour         | 4 5 |  5.5
Dodging        | 1 2 |  2.3
Fighting       | 4 5 |  5.4
Axes           | 3 4 |  4.3
Shields        | 5 |  5.3

Action                     |  1- 3 |  4- 6 |  7- 9 || total
---------------------------+-------+-------+-------++-------
  Melee: War axe           |    99 |   150 |    58 ||   307
Ability: Dig               |       |     1 |       ||     1
    Use: Potion            |       |       |     6 ||     6
 Armour: Scale mail        |    50 |    72 |    28 ||   150
  Dodge: Dodged            |    54 |    76 |    33 ||   163
  Block: Buckler           |    33 |    40 |    16 ||    89

Table legend: (Time is in decaauts)
 A = Elapsed time spent in this place.
 B = Non-inter-level travel time spent in this place.
 C = Inter-level travel time spent in this place.
 D = Time resting spent in this place.
 E = Time spent auto-exploring this place.
 F = Levels seen in this place.
 G = Mean time per level.
                   A        B        C        D        E       F      G
               +--------+--------+--------+--------+--------+-----+--------+
         Total |   4721 |   4480 |    241 |      0 |   3657 |   7 |  674.4 |
       Dungeon |   4666 |   4478 |    188 |      0 |   3657 |   6 |  777.7 |
        Temple |     55 |      3 |     52 |      0 |      0 |   1 |   55.0 |
               +--------+--------+--------+--------+--------+-----+--------+

Top non-repeatable levels by time:
     D:5: 1428 daAuts
     D:1: 963 daAuts
     D:3: 924 daAuts
     D:4: 680 daAuts
     D:2: 621 daAuts
  Temple: 55 daAuts
     D:6: 47 daAuts
